 Dungeon Sprint DCSS version 0.17-a0-1046-ga09e34d (webtiles) character file.

1022 drasked the Unseen (level 8, -18/36 HPs)
             Began as a Spriggan Enchanter on May 15, 2015.
             Shot with an arrow by a centaur warrior (21 damage)
             ... in the Dungeon (Sprint I: "Red Sonja").
             The game lasted 00:06:58 (952 turns).

drasked the Unseen (Spriggan Enchanter)              Turns: 952, Time: 00:06:59

Health: -18/36     AC:  3    Str:  4    XL:     8   Next: 2%
Magic:  21/23      EV: 18    Int: 18    God:
Gold:   405        SH:  0    Dex: 17    Spells: 3 memorised, 22 levels left

rFire  . . .     SeeInvis +     a - +1 dagger
rCold  . . .     Clarity  .     b - +1 robe
rNeg   . . .     SustAb   .     (shield restricted)
rPois  .         Gourm    .     (helmet restricted)
rElec  .         Spirit   .     (no cloak)
rCorr  .         Warding  .     (gloves unavailable)
rMut   .         NoTele   +     (boots unavailable)
MR     +....                    (no amulet)
Stlth  ++++......               (no ring)
                                (no ring)

@: very quick, somewhat resistant to hostile enchantments, stealthy
A: unfitting armour, see invisible, herbivore 3, speed 3, slow metabolism 2
a: no special abilities


You were in the Dungeon.
You were not hungry.

You visited 1 branch You collected 405 gold pieces.

Inventory:

Hand weapons
 a - a +1 dagger (weapon)
Missiles
 i - 8 curare-tipped needles
Armour
 b - a +1 robe (worn)
Jewellery
 m - an uncursed amulet of guardian spirit {unknown}
   (You found it in the Dungeon)
Magical devices
 k - a wand of enslavement (12)
   (You took it off Sonja in the Dungeon)
Scrolls
 j - a scroll of blinking {!r}
Potions
 e - a potion of curing
 f - a potion of heal wounds
 g - a potion of haste
 h - 2 potions of magic
 l - a potion of brilliance {unknown}
Books
 c - a book of Maledictions
Comestibles
 d - a bread ration {@e1}


   Skills:
 + Level 9.6 Short Blades
 - Level 3.0 Dodging
 * Level 18.1 Stealth
 - Level 10.7 Spellcasting
 + Level 3.6 Hexes


You had 22 spell levels left.
You knew the following spells:

 Your Spells              Type           Power        Failure   Level  Hunger
a - Ensorcelled Hibernat  Hex/Ice        ###...       6%          2    None
c - Confuse               Hex            ###.....     6%          3    None
v - Corona                Hex            ###....      1%          1    None


Dungeon Overview and Level Annotations

Branches:
Dungeon (1/1)

Altars:
Elyvilon
Gozag
Kikubaaqudgha
Makhleb
Nemelex Xobeh
Okawaru
Qazlal
Ru
Sif Muna
Trog
Vehumet
Xom
Yredelemnul
Zin
The Shining One

Shops:
D (


Innate Abilities, Weirdness & Mutations

You are tiny and cannot use many weapons and most armour.
You have supernaturally acute eyesight.
You are a herbivore.
You cover ground extremely quickly.
You need consume almost no food.


Message History

Your Short Blades skill increases to level 8!
Your Stealth skill increases to level 15!
Your Spellcasting skill increases to level 9!
Found a bloodstained altar of Trog.
You see here a yak corpse.
You see here a yak corpse.
There is an open door, spattered with blood here.
You open the door.
Sonja, the Graceful Assassin comes into view.
She is wielding a short sword of venom.
MP restored: 19
There is an open door here.
You hit Sonja but do no damage. Sonja closely misses you.
Sonja hits you with a short sword of venom.
You are poisoned.
Sonja barely misses you.
You take 3 damage, and have 25/28 hp.
Aim: Sonja, wielding a short sword of venom (chance to defeat MR: 53%) Sonja looks drowsy...
You feel sick.
You take 1 damage, and have 24/28 hp.
You now have 17/19 mp.
The helpless Sonja fails to defend herself.
You perforate Sonja like a sieve!!!!
You kill Sonja!
Your Short Blades skill increases to level 9!
Your Stealth skill gained 3 levels and is now at level 18!
Your Spellcasting skill increases to level 10!
You have reached level 7!
You have reached level 8!
You feel sick.
You regained 5 hp, and now have 29/36 hp.
You now have 324 gold pieces (gained 27).
You feel sick.
You take 1 damage, and have 28/36 hp.
You feel sick.
You take 1 damage, and have 27/36 hp.
i - 8 curare-tipped needles;
k - a wand of enslavement;
l - a fizzy dark potion
Things that are here:
a short sword of venom; a blowgun You feel sick.
You take 1 damage, and have 26/36 hp.
You now have 351 gold pieces (gained 27).
You feel sick.
You take 1 damage, and have 25/36 hp.
Things that are here:
a short sword of venom; a blowgun You feel sick.
You now have 378 gold pieces (gained 27).
You now have 405 gold pieces (gained 27).
You feel sick.
You take 1 damage, and have 24/36 hp.
Things that are here:
a short sword of venom; a blowgun You feel sick.
You take 1 damage, and have 23/36 hp.
There is an open door here.
You feel sick.
You take 1 damage, and have 22/36 hp.
m - a twisted zirconium amulet You feel sick.
There is an open door, spattered with blood here.
You feel sick.
You see here a yak corpse.
You take 1 damage, and have 21/36 hp.
You feel sick.
There is a basalt altar of Yredelemnul here.
You take 1 damage, and have 21/36 hp.
There is a basalt altar of Yredelemnul here.
MP restored: 23 Search for what [? for help]? dith Can't find anything matching that.
You feel sick.
You are no longer poisoned.
You take 1 damage, and have 20/36 hp.
You see here a yak corpse.
There is an open door, spattered with blood here.
There is an open door here.
There is an open door here.
You open the door.
Unknown command.
There is an open door here.
You enter the shallow water.
Moving in this stuff is going to be slow.
Unknown command. 2 centaur warriors come into view.
The centaur warrior shouts! x2
The centaur warrior wields a shortbow.
The centaur warrior shoots an arrow.
The arrow hits you!!
Ouch! That really hurt!
* * * LOW HITPOINT WARNING * * *
You hear a splash.
The centaur warrior wields a shortbow.
The centaur warrior shoots an arrow.
The arrow barely misses you.
You hear a splash.
You see here an arrow.
You take 19 damage, and have 3/36 hp.
MASSIVE DAMAGE!!
Aim: a centaur warrior, wielding a shortbow (purple smoke, chance to defeat MR: 29%)
The centaur warrior easily resists.
The centaur warrior shoots an arrow.
The arrow hits you!!
Ouch! That really hurt!
You die...

##############
.#..'..#..'..#
.[..#..').#..+
.#####'#####'# ###
.####..#...#)####§?#
)#__####..##.#§§§§c#
.#_..__##'#..'§§@§§+
⌠#_.∩..†'..._#§§≈§c#
##_..._##_.#+##+####
#_____###'#
#########.## +...+
#.).# ##.## #+#


You could see 2 centaur warriors.

Vanquished Creatures
  Sonja (D)
  A yak (D)
  Sigmund (D)
  An ogre (D)
  A jelly (D)
  Ijyb (D)
6 creatures vanquished.

Vanquished Creatures (others)
  A gargoyle (D)
1 creature vanquished.

Grand Total: 7 creatures vanquished

Notes
Turn   | Place    | Note
--------------------------------------------------------------
     0 | D        | drasked the Spriggan Enchanter began the quest for the Orb.
     0 | D        | Reached XP level 1. HP: 9/9 MP: 5/5
     2 | D        | Noticed Ijyb
    23 | D        | Killed Ijyb
    23 | D        | Reached skill level 3 in Short Blades
    23 | D        | Reached skill level 8 in Stealth
    23 | D        | Reached skill level 4 in Spellcasting
    23 | D        | Reached XP level 2. HP: 11/13 MP: 6/8
   136 | D        | Noticed an ogre
   139 | D        | HP: 1/13 [ogre/giant spiked club (12)]
   152 | D        | Learned a level 2 spell: Ensorcelled Hibernation
   154 | D        | Killed an ogre
   154 | D        | Reached skill level 4 in Short Blades
   154 | D        | Reached skill level 11 in Stealth
   154 | D        | Reached skill level 6 in Spellcasting
   154 | D        | Reached XP level 3. HP: 1/16 MP: 6/11
   154 | D        | Reached XP level 4. HP: 1/21 MP: 7/13
   558 | D        | Learned a level 3 spell: Confuse
   558 | D        | Noticed Sigmund
   563 | D        | Killed Sigmund
   563 | D        | Reached skill level 6 in Short Blades
   563 | D        | Reached skill level 13 in Stealth
   563 | D        | Reached skill level 7 in Spellcasting
   563 | D        | Reached XP level 5. HP: 12/24 MP: 8/16
   563 | D        | Reached XP level 6. HP: 14/28 MP: 8/17
   607 | D        | Killed a gargoyle
   830 | D        | Found a deep blue altar of Sif Muna.
   831 | D        | Noticed a jelly
   832 | D        | Found a radiant altar of Vehumet.
   845 | D        | Killed a jelly
   845 | D        | Reached skill level 7 in Short Blades
   845 | D        | Reached skill level 14 in Stealth
   845 | D        | Reached skill level 8 in Spellcasting
   869 | D        | Found Itelefum's Weapon Emporium.
   869 | D        | Found a white marble altar of Elyvilon.
   869 | D        | Found a stormy altar of Qazlal.
   869 | D        | Found a burning altar of Makhleb.
   869 | D        | Found a sacrificial altar of Ru.
   869 | D        | Found a basalt altar of Yredelemnul.
   869 | D        | Found a glowing golden altar of the Shining One.
   869 | D        | Found a sparkling altar of Nemelex Xobeh.
   869 | D        | Found a shimmering altar of Xom.
   869 | D        | Found an opulent altar of Gozag.
   869 | D        | Found an ancient bone altar of Kikubaaqudgha.
   869 | D        | Found a glowing silver altar of Zin.
   869 | D        | Noticed a yak
   870 | D        | Found an iron altar of Okawaru.
   871 | D        | Killed a yak
   871 | D        | Reached skill level 8 in Short Blades
   871 | D        | Reached skill level 15 in Stealth
   871 | D        | Reached skill level 9 in Spellcasting
   872 | D        | Found a bloodstained altar of Trog.
   881 | D        | Noticed Sonja
   887 | D        | Killed Sonja
   887 | D        | Reached skill level 9 in Short Blades
   887 | D        | Reached skill level 18 in Stealth
   887 | D        | Reached skill level 10 in Spellcasting
   887 | D        | Reached XP level 7. HP: 27/32 MP: 18/22
   887 | D        | Reached XP level 8. HP: 30/36 MP: 18/23
   951 | D        | Noticed a centaur warrior
   951 | D        | Noticed a centaur warrior
   951 | D        | HP: 3/36 [centaur warrior/arrow (19)]
   952 | D        | Shot with an arrow by a centaur warrior

Vault maps used:
D:        dungeon_sprint_1

Action                   |  1- 3 |  4- 6 |  7- 9 || total
-------------------------+-------+-------+-------++-------
Melee: Dagger            |    17 |     5 |       ||    22
 Cast: Ensorcelled Hiber |     1 |     4 |     1 ||     6
  Use: Potion            |     1 |       |       ||     1
 Stab: Sleeping          |     1 |     4 |       ||     5

Vault maps used:
D:        dungeon_sprint_1

Table legend:
 A = Turns spent in this place as a percentage of turns spent in the entire game.
 B = Non-inter-level travel turns spent in this place as a percentage of non-inter-level travel turns spent in the entire game.
 C = Inter-level travel turns spent in this place as a percentage of turns spent in this place.
 D = Turns resting spent in this place as a percentage of non-inter-level travel turns spent in this place.
 E = Turns spent auto-exploring this place as a percentage of non-inter-level travel turns spent in this place.
 F = Non-inter-level travel turns spent in this place divided by the number of levels of this place that you've seen.
                   A       B       C       D       E      F
               +-------+-------+-------+-------+-------+----------------------
         Total | 100.0 | 100.0 |   0.0 |   4.5 |   0.0 | 269.0
       Dungeon | 100.0 | 100.0 |   0.0 |   4.5 |   0.0 | 269.0
               +-------+-------+-------+-------+-------+----------------------

Table legend:
 A = Kills in this place as a percentage of kills in entire the game.
 B = Kills by you in this place as a percentage of kills by you in the entire game.
 C = Kills by friends in this place as a percentage of kills by friends in the entire game.
 D = Other kills in this place as a percentage of other kills in the entire game.
 E = Experience gained in this place as a percentage of experience gained in the entire game.
 F = Experience gained in this place divided by the number of levels of this place that you have seen.
                   A       B       C       D       E      F
               +-------+-------+-------+-------+-------+----------------------
         Total | 100.0 | 100.0 |  -nan |  -nan | 100.0 | 1460.0
       Dungeon | 100.0 | 100.0 |  -nan |  -nan | 100.0 | 1460.0
               +-------+-------+-------+-------+-------+----------------------
